 Dungeon Crawl Stone Soup version 0.28.0-53-g5a82cb258f (webtiles) character file.

Game seed: 47761897872179559

901 MisterFreud the Conjurer (level 8, -3/46 HPs)
             Began as an Octopode Conjurer on June 5, 2022.
             Was an Initiate of Gozag.
             Killed from afar by an orc wizard (7 damage)
             ... with a puff of flame
             ... on level 5 of the Dungeon.
             The game lasted 00:08:13 (5486 turns).

MisterFreud the Conjurer (Octopode Conjurer)        Turns: 5486, Time: 00:08:14

Health: -3/46      AC:  1    Str:  7    XL:     8   Next: 7%
Magic:  14/14      EV: 14    Int: 22    God:    Gozag
Gold:   350        SH:  0    Dex: 10    Spells: 9/15 levels left

rFire   . . .      SeeInvis .   g - +0 long sword
rCold   . . .      Faith    .   (no shield)
rNeg    . . .      Spirit   .   (helmet restricted)
rPois   .          Reflect  .   h - amulet of the acrobat
rElec   .          Harm     .   k - ring of wizardry
rCorr   +          Rampage  .   o - ring of resist corrosion
Will    .....                   (no ring)
Stlth   +++.......              (no ring)
HPRegen 0.15/turn               (no ring)
MPRegen 0.14/turn               (no ring)
                                (no ring)
                                (no ring)

@: no status effects
A: almost no armour, amphibious, 8 rings, camouflage 1, gelatinous body 1,
(nimble swimmer 1), tentacles
a: Renounce Religion, Potion Petition, Call Merchant, Bribe Branch


You were on level 5 of the Dungeon.
You worshipped Gozag.
Gozag was aware of your devotion.
You visited 2 branches of the dungeon, and saw 6 of its levels.

You collected 428 gold pieces.
You paid 78 gold pieces to Gozag.

Inventory:

Hand Weapons
 g - a +0 long sword (weapon)
 i - a +1 short sword of holy wrath
 r - a +0 dagger of electrocution
Missiles
 j - 5 poisoned darts
 q - 2 boomerangs
Jewellery
 h - an amulet of the acrobat (around mantle)
 k - a ring of wizardry (left tentacle)
 o - a ring of resist corrosion (right tentacle)
Scrolls
 b - a scroll of enchant armour
 c - 2 scrolls of identify
Potions
 a - 3 potions of brilliance
 l - a potion of degeneration
 m - a potion of mutation


   Skills:
 + Level 5.4 Dodging
 - Level 2.7 Stealth
 - Level 4.0 Spellcasting
 - Level 6.0 Conjurations
 - Level 4.0 Ice Magic


You had 9 spell levels left.
You knew the following spells:

 Your Spells              Type           Power      Damage    Failure   Level
a - Magic Dart            Conj           100%       1d8       1%          1
b - Searing Ray           Conj           60%        2d6       1%          2
d - Ozocubu's Armour      Ice            22%        N/A       2%          3

Your spell library contained the following spells:

 Spells                   Type           Power      Damage    Failure   Level
 Frozen Ramparts          Ice            44%        1d6       2%          3
 Ensorcelled Hibernation  Hex/Ice        26%        N/A       3%          2
 Dazzling Flash           Conj/Hex       34%        N/A       4%          3
 Passwall                 Tmut/Erth      3%         N/A       7%          2
 Swiftness                Air            4%         N/A       13%         3
 Fulminant Prism          Conj/Hex       8%         3d7       13%         4
 Iskenderun's Mystic Bla  Conj/Tloc      17%        2d5       13%         4
 Ice Form                 Ice/Tmut       13%        N/A       19%         4
 Summon Ice Beast         Ice/Summ       13%        N/A       19%         4
 Summon Lightning Spire   Summ/Air       4%         N/A       38%         4
 Ozocubu's Refrigeration  Ice            11%        4d7       99%         7
 Storm Form               Tmut/Air       2%         N/A       100%        7
 Maxwell's Capacitive Co  Air            2%         ∞         100%        8


Dungeon Overview and Level Annotations

Branches:
Dungeon (5/15)             Temple (1/1) D:4

Altars:
Ashenzari
Gozag
Ru
Sif Muna
Trog
Uskayaw
Xom
Zin


Innate Abilities, Weirdness & Mutations

You cannot wear most types of armour.
You are amphibious.
You can wear up to eight rings at the same time.
Your skin changes colour to match your surroundings (Stealth+).
Your rubbery body absorbs attacks. (AC +1, EV +1)
((You are camouflaged when in or above water. (Stealth+)))
You have tentacles for arms and can constrict up to eight enemies at once.


Message History

* * * LOW HITPOINT WARNING * * *
Unknown command.
You feel better. Something hits you.
* * * LOW HITPOINT WARNING * * *
You miss something. Your squeeze misses something.
Something hits you but does no damage. Something barely misses you.
Unknown command.
You miss something.
You hear some strange, mumbled words.
A puff of flame appears from out of thin air!
The puff of flame hits you!
* * * LOW HITPOINT WARNING * * *
You feel better. Something hits you.
* * * LOW HITPOINT WARNING * * *
Unknown command.
Unknown command.
You feel better. Something barely misses you.
You miss something. Your squeeze misses something. Something barely misses you.
You closely miss something. Something hits you.
* * * LOW HITPOINT WARNING * * *
Something hits you.
* * * LOW HITPOINT WARNING * * *
You miss something. Something hits you.
* * * LOW HITPOINT WARNING * * *
You miss something. Your squeeze misses something.
Something hits you but does no damage. Something hits you.
* * * LOW HITPOINT WARNING * * *
You barely miss something. Your squeeze misses something. Something hits you.
* * * LOW HITPOINT WARNING * * *
You miss something. Your squeeze misses something. Something hits you.
* * * LOW HITPOINT WARNING * * *
You feel better. Something hits you.
* * * LOW HITPOINT WARNING * * *
Unknown command.
You barely miss something.
You hear some strange, mumbled words.
A puff of flame appears from out of thin air!
The puff of flame hits you!
You die...
Your body crumbles into a pile of gold.

.## #...### ..###.....##
...........# ### .
.#.......#... ..###. {
...<<..######### #.... $.
.#.............# ...# o#
.............#.# ###.###.###
..##########.#.####.........#
................@{...........
..######.###.#.####.........#
.............[.....(.........
..######.#####.##.#.........#
#.#.........................#
.........#####.##.#.........#
#.####.#.#####.##.######.####
#.####.#..........# .#
.<.............#..# .#


There were no monsters in sight!

Vanquished Creatures
  A water moccasin (D:5)
  A black bear (D:2)
  A necrophage (D:5)
  2 ogres
  4 orc priests
  A jelly (D:5)
  Jessica (D:3)
  An iguana (D:4)
  A scorpion zombie (D:5)
  2 hound skeletons (D:4)
  A howler monkey zombie (D:4)
  A gnoll (D:1)
  4 adders
  An adder skeleton (D:4)
  3 worms
  4 dart slugs
  6 orcs
  7 endoplasms
  6 giant cockroaches
  11 goblins
  8 hobgoblins
  6 kobolds
  3 quokkas
  10 ball pythons
  9 bats
  2 frilled lizards (D:2)
  6 rats
103 creatures vanquished.

Vanquished Creatures (others)
  An orc wizard (D:5)
1 creature vanquished.

Grand Total: 104 creatures vanquished

Notes
Turn   | Place    | Note
-------+----------+-------------------------------------------
     0 | D:1      | MisterFreud the Octopode Conjurer began the quest for the
                  | Orb.
     0 | D:1      | Reached XP level 1. HP: 11/11 MP: 3/3
   154 | D:1      | Reached XP level 2. HP: 17/17 MP: 0/5
   394 | D:1      | Learned a level 2 spell: Searing Ray
   612 | D:1      | Reached XP level 3. HP: 21/21 MP: 4/6
   812 | D:1      | Learned a level 3 spell: Dazzling Flash
   855 | D:1      | Reached skill level 5 in Conjurations
  1507 | D:2      | Reached XP level 4. HP: 27/27 MP: 4/7
  1795 | D:2      | Noticed a black bear
  1870 | D:2      | Found a faded altar of an unknown god.
  1945 | D:2      | Killed a black bear
  1946 | D:2      | Reached skill level 6 in Conjurations
  1946 | D:2      | Reached XP level 5. HP: 31/31 MP: 0/8
  2735 | D:3      | Found a bloodstained altar of Trog.
  3042 | D:3      | Reached XP level 6. HP: 23/36 MP: 4/9
  3162 | D:3      | Noticed Jessica
  3169 | D:3      | Killed Jessica
  3525 | D:3      | Learned a level 3 spell: Ozocubu's Armour
  3554 | D:4      | Found a staircase to the Ecumenical Temple.
  3593 | Temple   | Entered the Ecumenical Temple
  3617 | Temple   | Became a worshipper of Gozag Ym Sagoz the Greedy
  4172 | D:4      | Reached skill level 1 in Ice Magic
  4180 | D:4      | Reached skill level 5 in Dodging
  4463 | D:3      | Reached XP level 7. HP: 15/41 MP: 1/10
  5068 | D:5      | Entered Level 5 of the Dungeon
  5222 | D:5      | Reached XP level 8. HP: 24/46 MP: 9/14
  5476 | D:5      | HP: 1/46 [something/puff of flame (12)]
  5484 | D:5      | HP: 1/46 [something (2)]
  5486 | D:5      | Killed from afar by an orc wizard

Illustrated notes

Levels and vault maps discovered:
D:1:      saegor_arrival_simple_e, layout_loops_cross, chequers_arboretum,
          minmay_liquid_box, st_stairs_11
D:2:      layout_loops_ring, shapermc_ecumenical_altar_notcrosses,
          minmay_indecisive_spiral
D:3:      layout_rooms, mainiacjoe_overflow_brackets, uniq_jessica
D:4:      layout_cave_pods, minmay_temple_entry_statues_pillars
D:5:      minmay_thick_lines, layout_basic, serial_bayou_pond_c,
          minmay_manual_monolith, uniq_sigmund
Temple:   nicolae_temple_the_god_donut

Skill      XL: |  1  2  3  4  5  6  7 |
---------------+----------------------+-----
Conjurations   | 5 6 |  6.0
Dodging        | 3 4 5 |  5.4
Ice Magic      | 3 4 |  4.0
Spellcasting   | 4 |  4.0
Stealth        | |  2.7

Action                   |  1- 3 |  4- 6 |  7- 9 || total
-------------------------+-------+-------+-------++-------
Melee: Unarmed           |     3 |       |       ||     3
       Tentacles         |     1 |     2 |     4 ||     7
       Constrict         |     2 |     5 |     1 ||     8
       Long sword        |       |    14 |    33 ||    47
 Cast: Magic Dart        |    59 |   121 |    29 ||   209
       Searing Ray       |       |     5 |     1 ||     6
  Use: Potion            |       |     1 |     4 ||     5
       Scroll            |       |       |     8 ||     8
 Stab: Sleeping          |       |     1 |       ||     1
Armor: Skin              |     1 |     1 |     4 ||     6
Dodge: Dodged            |     4 |    27 |    17 ||    48
